Cogmind - Beta 11.1 @@@ ROGUE MODE // 2022.05.31 @ 12:25:09 Player: btmk16 Result: Destroyed by Y-45 Defender with Beam Rifle Performance ------------- Evolutions (2) 1000 Regions Visited (3) 600 Robots Destroyed (65) 325 Value Destroyed (1601) 1601 Prototype IDs (4) 80 Alien Tech Used (0) 0 Bonus (105) 105 TOTAL SCORE: 3711 Bonus ------- High Alert Combat Kills 105 Cogmind --------- Core Integrity 0/550 Matter 300/300 Energy 100/100 System Corruption 1% Temperature Cool (9) Movement Core (100) Ox1 Location -8/Materials Parts ------- > --- POWER (1) -------- (None) > --- PROPULSION (4) --- (None) > --- UTILITY (4) ------ Small Storage Unit Hacking Suite > --- WEAPON (2) ------- (None) > --- INVENTORY (8) ---- Improved VTOL Module Improved VTOL Module Hacking Suite Hacking Suite Hacking Suite Authchip [Processor] Authchip [Armor] Peak State ------------ > --- POWER ------------ (None) > --- PROPULSION ------- Medium Treads Medium Treads Medium Treads Improved VTOL Module > --- UTILITY ---------- Small Storage Unit Improved Light Armor Plating Improved Light Armor Plating Hacking Suite > --- WEAPON ----------- Lightning Gun > --- INVENTORY -------- Improved VTOL Module Improved VTOL Module Hacking Suite Hacking Suite Hacking Suite Authchip [Processor] Authchip [Armor] [Rating: 32] Favorites ----------- Power Ion Engine Engine Ion Engine Propulsion Wheel Treads Light Treads Leg Aluminum Leg Wheel Wheel Flight Unit Improved VTOL Module Utility Huge Storage Unit Device Structural Scanner Storage Huge Storage Unit Hackware Hacking Suite Protection Light Armor Plating Weapon Heavy Assault Rifle Energy Gun Small Laser Energy Cannon Advanced Beam Cannon Ballistic Gun Heavy Assault Rifle Launcher Rocket Launcher Build | -11 -10 -9 -8 ------- Run | Scr Mat Mat Mat Slots Evolved 4 | . . 2 2 Power . | . . . . Propulsion 2 | . . . 2 Utility 2 | . . 2 . Weapon . | . . . . Parts Attached 75 | . 20 35 20 Power 6 | . 4 2 . Engine 6 | . 4 2 . Core . | . . . . Reactor . | . . . . Propulsion 26 | . 7 11 8 Treads 9 | . 3 2 4 Leg . | . . . . Wheel 11 | . 4 7 . Hover . | . . . . Flight 6 | . . 2 4 Utility 23 | . 4 10 9 Device 5 | . 1 4 . Storage 3 | . 2 . 1 Processor . | . . . . Hackware 1 | . . . 1 Protection 14 | . 1 6 7 Artifact . | . . . . Weapon 20 | . 5 12 3 Energy Gun 5 | . 3 1 1 Energy Cannon 1 | . . 1 . Ballistic Gun 12 | . 2 8 2 Ballistic Cannon . | . . . . Launcher 2 | . . 2 . Special Weapon . | . . . . Impact Weapon . | . . . . Slashing Weapon . | . . . . Piercing Weapon . | . . . . Special Melee Weapon . | . . . . Unidentified Prototypes 4 | . . 4 . Parts Lost 35 | . 7 7 21 Power 3 | . . 2 1 Propulsion 13 | . 3 3 7 Utility 11 | . 1 1 9 Weapon 8 | . 3 1 4 Highest Loss Streak 12 | . 3 2 12 To Critical Strikes . | . . . . Average Slot Usage (%) 96 | . 99 99 71 Engine 11 | . 14 11 5 Treads 2 | . 3 1 5 Wheel 19 | . 23 19 12 Device 14 | . . 21 10 Storage 12 | . 18 11 8 Protection 11 | . 9 11 11 Energy Gun 5 | . 15 1 . Ballistic Gun 16 | . 12 20 9 Naked Turns . | . . . . Heaviest Build 101 | 11 92 101 101 Greatest Support 84 | 20 40 20 84 Greatest Overweight (x) 9 | . 9 9 5 Average Overweight (x) 4 | . 4 4 1 Largest Inventory Capacity 25 | . 25 25 25 Average Capacity 24 | . 24 25 19 Most Carried 25 | . 25 25 25 Average Carried 22 | . 19 24 19 Final Capacity 25 | 8 25 25 8 Final Carried 25 | 6 25 25 7 Class Distribution -------------------- 92% | Mutant 5% | Scavenger-Mutant Dominant Class ---------------- Mutant | -10/Materials Mutant | -9/Materials Mutant | -8/Materials Resources | -11 -10 -9 -8 ----------- Run | Scr Mat Mat Mat Matter Collected 2299 | 187 757 987 368 Remotely . | . . . . Salvage Created 2399 | . 650 1525 224 Parts 138 | . 41 92 5 Haulers Intercepted 6 | . 1 5 . Recyclers Shooed 5 | . 2 1 2 Parts Field Recycled . | . . . . Retrieved Matter . | . . . . Parts Self-Destructed . | . . . . Prevented . | . . . . Kills | -11 -10 -9 -8 ------- Run | Scr Mat Mat Mat Combat Hostiles Destroyed 48 | . 13 31 4 Guns 45 | . 13 28 4 AOE 3 | . . 3 . Classes Destroyed 11 | . 8 2 1 Worker 3 | . 3 . . Builder 3 | . 2 1 . Tunneler 1 | . 1 . . Hauler 6 | . 1 5 . Recycler 2 | . 1 1 . Watcher 2 | . 1 1 . Swarmer 14 | . 6 8 . Grunt 22 | . 7 12 3 Brawler 1 | . . 1 . Sentry 10 | . . 10 . Hunter 1 | . . . 1 Best Kill Streak 7 | . 7 5 3 Combat Bots Only 7 | . 7 5 3 Max Kills in Single Turn 2 | . 2 2 1 Gunslinging 1 | . 1 . . Exploded 2 | . . 2 . Melee . | . . . . Uniques/NPCs Destroyed . | . . . . Combat | -11 -10 -9 -8 -------- Run | Scr Mat Mat Mat Damage Taken 5113 | . 944 1207 2962 Core 996 | . 182 252 562 Absorbed by Shields . | . . . . Redirected to Shielding 50 | . . . 50 Core Remaining (%) 54 | 100 27 37 . Volleys Fired 240 | . 81 115 44 Largest 2 | . 2 2 2 Hottest 91 | . 80 91 56 Shots Fired 451 | . 158 224 69 Gun 444 | . 158 218 68 Cannon 1 | . . 1 . Launcher 6 | . . 5 1 Special . | . . . . Kinetic 322 | . 62 193 67 Thermal 67 | . 66 1 . Explosive 6 | . . 5 1 Electromagnetic 56 | . 30 25 1 Robot Hit Streak 20 | . 13 20 19 Robot Miss Streak 3 | . 3 3 2 Penetration Max . | . . . . Secondary Targets 6 | . 5 1 . Max Gunslinging Chain 1 | . 1 1 . Shots Hit Robots 305 | . 100 153 52 Core Hits 116 | . 39 61 16 Critical Kills . | . . . . Critical Parts Destroyed 2 | . 1 1 . Critical Strikes 2 | . 1 1 . Destroy 2 | . 1 1 . Melee Attacks . | . . . . Impact . | . . . . Slashing . | . . . . Piercing . | . . . . Sneak Attacks . | . . . . Combat Hostiles . | . . . . Follow-up Attacks . | . . . . Damage Inflicted 4262 | . 1122 2375 765 Guns 3932 | . 1046 2203 683 Cannons . | . . . . Explosions 244 | . 40 166 38 Melee . | . . . . Ramming 86 | . 36 6 44 Kinetic 2988 | . 296 2009 683 Thermal 588 | . 562 26 . Explosive 178 | . . 140 38 Electromagnetic 422 | . 228 194 . Impact . | . . . . Slashing . | . . . . Piercing . | . . . . Highest Corruption 2 | . . 2 1 Average Corruption 1 | . . 2 1 Corruption Purged . | . . . . Corruption Blocked . | . . . . Effects 9 | . . 9 . Matter Fused 3 | . . 3 . Heat Flow Errors 1 | . . 1 . Energy Discharges 2 | . . 2 . Data Loss (minor) 1 | . . 1 . Data Loss (major) 2 | . . 2 . Overload Shots . | . . . . Overflow Damage . | . . . . Projectiles . | . . . . Explosions . | . . . . Melee . | . . . . Knockbacks . | . . . . Impact . | . . . . Kinetic . | . . . . Secondary . | . . . . Self-Inflicted Damage 67 | . 17 35 15 Shots 1 | . . 1 . Rammed 31 | . 3 1 27 Targets Rammed 31 | . 3 1 27 Kicked . | . . . . Crushed . | . . . . Highest Temperature 258 | . 258 180 30 Average Temperature 64 | . 74 32 13 Received Heat Transfer 1581 | . 351 483 747 Siege Activations . | . . . . Robots Corrupted . | . . . . Combat Hostiles . | . . . . Parts Fried 1 | . 1 . . Impact Corruptions . | . . . . Robots Melted . | . . . . Combat Hostiles . | . . . . Parts Melted 1 | . 1 . . Heat Transferred 1310 | . 1260 50 . Parts Sabotaged . | . . . . Parts Stolen . | . . . . Parts Stripped . | . . . . Power Chain Reactions 2 | . 1 1 . Missiles Intercepted . | . . . . Alert | -11 -10 -9 -8 ------- Run | Scr Mat Mat Mat Peak Influence 622 | . 219 622 170 Initial 87 | . . 87 83 Average 231 | . 76 334 89 Maximum Alert Level 2 | . 1 2 . Low Security (%) 54 | . 89 28 100 Level 1 22 | . 10 32 . Level 2 22 | . . 38 . Level 3 . | . . . . Level 4 . | . . . . Level 5 . | . . . . High Security . | . . . . Max Security . | . . . . Squads Dispatched 9 | . 4 2 3 Investigation 1 | . 1 . . Extermination . | . . . . Reinforcement 8 | . 3 2 3 Assault . | . . . . Garrison . | . . . . Intercept . | . . . . Searches Triggered . | . . . . Construction Impeded . | . . . . Haulers Reinforced . | . . . . Active Scanning Responses . | . . . . Cargo Convoy Interrupts . | . . . . Stealth | -11 -10 -9 -8 --------- Run | Scr Mat Mat Mat Distress Signals 12 | . 2 6 4 Communications Jammed . | . . . . Distress Signals . | . . . . Times Spotted 103 | . 26 45 32 Peak Tracking Total 17 | . 7 7 17 Tactical Retreats 5 | . . 2 3 Traps | -11 -10 -9 -8 ------- Run | Scr Mat Mat Mat Traps Triggered 1 | . . 1 . Indirectly . | . . . . Trap Hack Attempts . | . . . . Triggered . | . . . . Disarmed . | . . . . Reprogrammed . | . . . . Reused . | . . . . Traps Extracted . | . . . . Installed . | . . . . Triggered . | . . . . Machines | -11 -10 -9 -8 ---------- Run | Scr Mat Mat Mat Machines Disabled 1 | . . 1 . Max in Single Turn 1 | . . 1 . Machines Sabotaged . | . . . . Garrisons Compromised . | . . . . Overloaded Fab Kills . | . . . . Hacking | -11 -10 -9 -8 --------- Run | Scr Mat Mat Mat Machines Accessed 12 | . 5 6 1 Terminals 12 | . 5 6 1 Fabricators . | . . . . Repair Stations . | . . . . Recycling Units . | . . . . Scanalyzers . | . . . . Garrison Access . | . . . . Total Hacks 35 | . 14 17 4 Successful 16 | . 6 9 1 Failed 19 | . 8 8 3 Catastrophic 4 | . 2 2 . Database Lockouts . | . . . . Manual 14 | . 7 7 . Terminals 35 | . 14 17 4 Fabricators . | . . . . Repair Stations . | . . . . Recycling Units . | . . . . Scanalyzers . | . . . . Garrison Access . | . . . . Terminal Hacks 13 | . 4 8 1 Robot Analysis 3 | . 1 1 1 Alert Level 3 | . 1 2 . Unreport Threat 3 | . . 3 . Hauler Manifests 3 | . 2 1 . Zone Layout 1 | . . 1 . Fabricator Hacks . | . . . . Repair Station Hacks . | . . . . Recycling Unit Hacks . | . . . . Scanalyzer . | . . . . Garrison Access Hacks . | . . . . Unauthorized Hacks 3 | . 2 1 . Terminals 3 | . 2 1 . Botnet 3 | . 2 1 . Fabricators . | . . . . Repair Stations . | . . . . Recycling Units . | . . . . Scanalyzers . | . . . . Garrison Access . | . . . . Data Cores Recovered . | . . . . Used . | . . . . Hacking Detections 10 | . 3 6 1 Full Trace Events 1 | . . . 1 Feedback Events . | . . . . Feedback Blocked . | . . . . Robot Schematics Acquired . | . . . . Robots Built . | . . . . Authchips . | . . . . Time . | . . . . Total Robot Build Rating . | . . . . Part Schematics Acquired . | . . . . Parts Built . | . . . . Authchips . | . . . . Time . | . . . . Total Part Build Rating . | . . . . Parts Repaired . | . . . . Time . | . . . . Parts Recycled . | . . . . Recycled Matter . | . . . . Retrieved Matter . | . . . . Retrieved Components . | . . . . Parts Scanalyzed . | . . . . Part Schematics Acquired . | . . . . Parts Damaged . | . . . . Bothacking | -11 -10 -9 -8 ------------ Run | Scr Mat Mat Mat Used RIF Installer . | . . . . Robots Hacked . | . . . . Non-combat . | . . . . Combat . | . . . . Robot Hacks Applied . | . . . . Relay Couplers Released . | . . . . Fabnet Peak Effective % . | . . . . Robots Rewired . | . . . . Allies Hacked . | . . . . Hacks Repelled . | . . . . Allies | -11 -10 -9 -8 -------- Run | Scr Mat Mat Mat Total Allies . | . . . . Largest Group . | . . . . Highest-Rated Group . | . . . . Highest-Rated Ally . | . . . . Total Orders . | . . . . Ally Attacks . | . . . . Total Damage . | . . . . Kills . | . . . . Allies Corrupted . | . . . . Allies Melted . | . . . . Intel | -11 -10 -9 -8 ------- Run | Scr Mat Mat Mat Robot Analysis Total 3 | . 1 1 1 Derelict Logs Recovered . | . . . . Drone Launches . | . . . . Drone Recoveries . | . . . . Exploration | -11 -10 -9 -8 ------------- Run | Scr Mat Mat Mat Turns Passed 3904 | . 1070 2321 513 Spaces Moved 1971 | 1 522 1242 206 Core 33 | . . . 33 Treads 6 | . 1 . 5 Legs 23 | 1 22 . . Wheels 1818 | . 499 1242 77 Hover . | . . . . Flight 91 | . . . 91 Fastest Speed 29 | 120 120 140 29 Average Speed 141 | 120 147 148 89 Slowest Speed 320 | 120 320 215 200 Overloaded Moves . | . . . . Propulsion Burnouts . | . . . . Robots Hopped 5 | . . . 5 Cave-ins Triggered . | . . . . Exploration Rate (%) 50 | 2 75 97 29 Regions Visited 3 Branch Regions . Pre-discovered Areas . | . . . . Known Exits Taken . | . . . . Unknown Exits Taken 3 | 1 1 1 . Scrap Searched . | . . . . Spaces Dug 7 | . . 7 . Terrain Destroyed 58 | . 4 44 10 Melee . | . . . . Projectile . | . . . . AOE 58 | . 4 44 10 Terrain Rammed . | . . . . Walls Destroyed . | . . . . Machines Disabled . | . . . . Actions | -11 -10 -9 -8 --------- Run | Scr Mat Mat Mat Total 2652 | . 674 1524 454 Wait 236 | . 16 69 151 Move 1961 | . 522 1241 198 Hop 3 | . . . 3 Pick Up 56 | . 26 26 4 Fast Attach 22 | . 2 10 10 Attach 24 | . 7 9 8 Detach 3 | . . 1 2 Swap 29 | . 11 16 2 Drop 48 | . 7 36 5 Fire 240 | . 81 115 44 Melee . | . . . . Ram 25 | . 2 1 22 Kick . | . . . . Crush 5 | . . . 5 Escape Stasis . | . . . . Rewire . | . . . . Trap . | . . . . Miscellaneous . | . . . . Route ------- -11/Scrapyard -10/Materials (discovered 3 exits: *Mat / [*Min x2]) -9/Materials (discovered 6 exits: *Mat x3 / [*Min] / [*Sto x2]) -8/Materials History --------- Turn | Location | Event 1 | -11/Scrapyard | Discovered new exit (range 0) 1 | -11/Scrapyard | Entered Materials 303 | -10/Materials | Build established: Mutant 435 | -10/Materials | Discovered new exit (range 11) 636 | -10/Materials | Discovered new exit (range 16) 769 | -10/Materials | Destroyed 7 combat bots 776 | -10/Materials | Lost 3 parts (1n1u1w) 873 | -10/Materials | Core integrity fell below 50% 1033 | -10/Materials | Discovered new exit (range 7) 1071 | -10/Materials | Entered another Materials area 1071 | -9/Materials | Evolved 2 slots: Utility x2 1459 | -9/Materials | Discovered new exit (range 15) 1706 | -9/Materials | Discovered new exit (range 12) 1784 | -9/Materials | Discovered new exit (range 16) 1916 | -9/Materials | Discovered new exit (range 16) 1947 | -9/Materials | Core integrity fell below 50% 2335 | -9/Materials | Discovered new exit (range 3) 2796 | -9/Materials | Discovered new exit (range 7) 3392 | -9/Materials | Entered another Materials area 3392 | -8/Materials | Evolved 2 slots: Propulsion x2 3797 | -8/Materials | Lost 12 parts (1p3n5u3w) 3810 | -8/Materials | Core integrity fell below 50% 3883 | -8/Materials | Core integrity fell below 20% 3905 | -8/Materials | Destroyed by Y-45 Defender with Beam Rifle Last Messages --------------- 03874_ S-10 Pest destroyed. 03878_ R-06 Scavenger collects Lgt. Ion Engine. 03879_ Slammed into R-06 Scavenger. 03880_ Lightning Gun destroyed. 03881_ Slammed into R-06 Scavenger. 03890_ T-07 Excavator is excavating. 03890_ Imp. VTOL Module destroyed. 03892_ Slammed into R-06 Scavenger. 03893_ Slammed into S-10 Pest. 03895_ T-07 Excavator is excavating. 03896_ Med. Treads destroyed. 03898_ Slammed into Y-45 Defender. 03899_ Med. Treads destroyed. 03900_ U-05 Engineer lays Concrete. 03900_ Slammed into Y-45 Defender. 03901_ U-05 Engineer lays Concrete. 03901_ Med. Treads destroyed. 03901_ Slammed into Y-45 Defender. 03902_ U-05 Engineer lays Concrete. 03902_ Slammed into G-47 Trooper. Map ----- +----------------------------------------------------+ | ????????# ! # ! "" !#????????????????????? | | ????????# ] # #????????????????????? | | ????????#########?# #????????????????????? | | ????????????????####/###/## #????????????????????? | | ????????????????# ! #? #????????????????????? | | ????????????????# ! #? #????????????????????? | | ????????????????# ## #????????????????????? | | ????????????????# ## #????????????????????? | | ????????????????# !## #????????????????????? | | ????????????????# ## #????????????????????? | | ????????????????# ## #????????????????????? | | ????????????????# ## #????????????????????? | | ????????????????# + #????????????????????? | | ????????????????########/# #?????#####??????????? | | ???????????????????????# #?????#%= #??????????? | | ???????????????????????# #?????#%% #??????????? | | ???????????????????????# #?#####%!!#??????????? | | ????????????????????#### ### [%%!!#??????????? | | ????????????????????# %[ #??????????? | | ????????????????????# ######### %% =[[#??????????? | | ????????????????????#?#####"T"##g######??????????? | | ??????????????????????# #????????????? | | ?????????????????????## T gg #????????????? | | ?????????????????????# g""" """ #????????????? | | ?????????????????????## """u""" #????????????? | | ??????????????????????# @s%""" """ #????????????? | | ??????????????????????# gYs%g #????????????? | | ??????????????????????#######+#######????????????? | | ???????????????????######### #?????????????????? | | ???????????????????# # # #??????????????? | | ???????????????????# +% #???????????????? | | ???????????????????# %# # #???????????????? | | ???????????????????######### ###???????????????? | | ??????????????????????????? ] #????????????????? | | ??????????????????????????? #????????????????? | | ??????????????????????????# +????????????????? | | ??????????????????????????# #????????????????? | | ??????????????????????????# #????????????????? | | ??????????????????????????### ###????????????????? | | ????????????????????????????? #??????????????????? | | ????????????????????????????? #??????????????????? | | ????????????????????????????? #??????????????????? | | ????????????????????????????? ???????????????????? | | ????????????????????????????? ???????????????????? | | ????????????????????????????? ???????????????????? | | ?????????????????????????????????????????????????? | | ?????????????????????????????????????????????????? | | ?????????????????????????????????????????????????? | | ?????????????????????????????????????????????????? | | ?????????????????????????????????????????????????? | +----------------------------------------------------+ Best States ------------- Heat Dissipation 45 Energy Generation 10 Energy Capacity 250 Matter Stores 500 Matter Capacity 500 Sight Range 16 Terrain Scan Density 10 Armor Coverage 375 Propulsion Shielding 33 Evasion (%) 64 Recoil Reduction 2 Offensive Hacking 10 Authchip Count 3 Item Schematics ----------------- None Robot Schematics ------------------ None Fabricated ------------ Nothing Alien Tech Used ----------------- None Achievements -------------- None Challenges ------------ None Game ------ Seed ComponentThermicDriver Manual? 0 Play Time 00:32:31 Cumulative 281.7 hours Start 2022.05.31 @ 11:48:40 End 2022.05.31 @ 12:25:09 Sessions 1 Manual Loads 0 Difficulty Rogue Special Mode None Game No. 369 Rogue 368 Adventurer 0 Explorer 1 Win Type - Total 6 Types 5/0/0/1/0/0/0/0/0 Lore% 68 Gallery% 79 Achievement% 58 Wizard Run 0 Options --------- ASCII 0 Keyboard 1 Movement Vi Keybinds 0 Fullscreen 1 Font 18/SmallcapsGlow Map View 76x50 Tactical HUD 1 Map Filters NONE Filters NONE Steam 1 RUN: a58cad28-4a21-4069-afe0-a9b35e17a8fd